 Dungeon Crawl Stone Soup version 0.23.2-33-g5129a83184 (console) character file.

Game seed: 10161191651722951635

3318 FlyingSalmon the Spear-Bearer (level 10, 0/77 HPs)
             Began as a Merfolk Gladiator on July 28, 2019.
             Was a Priest of Zin.
             Slain by a wyvern (4 damage)
             ... on level 9 of the Dungeon.
             The game lasted 00:29:08 (9955 turns).

FlyingSalmon the Spear-Bearer (Merfolk Gladiator)   Turns: 9955, Time: 00:29:09

Health: 0/77       AC: 13    Str: 20    XL:     10   Next: 2%
Magic:  10/12      EV: 11    Int:  9    God:    Zin [***...]
Gold:   457        SH:  0    Dex: 18    Spells: 9/9 levels left

rFire    . . .     SeeInvis .   P - +0 glaive
rCold    . . .     Gourm    .   (shield currently unavailable)
rNeg     . . .     Faith    .   I - +0 chain mail (curse)
rPois    ∞         Spirit   .   c - +0 helmet
rElec    .         Reflect  .   M - +0 cloak
rCorr    .         Harm     .   O - +0 pair of gloves (curse)
MR       .....                  (no boots)
Stlth    ..........             (no amulet)
HPRegen  0.22/turn              (no ring)
MPRegen  0.13/turn              (no ring)

@: vitalised, hasted, very quick
A: change form in water, swift swim, stealthy swim
a: Recite, Vitalisation, Imprison, Donate Gold, Renounce Religion


You were on level 9 of the Dungeon.
You worshipped Zin.
Zin was most pleased with you.
You were not hungry.

You visited 2 branches of the dungeon, and saw 10 of its levels.
You also visited: Sewer.

You collected 507 gold pieces.
You donated 50 gold pieces to Zin.

Inventory:

Hand Weapons
 a - a +0 trident
 G - a +1 spear of freezing
 P - a +0 glaive (weapon)
Missiles
 d - a throwing net
 g - 361 stones (quivered)
 q - 2 tomahawks
Armour
 b - a +0 leather armour
 c - a +0 helmet (worn)
 k - a +0 ring mail
 m - a +0 scale mail
 C - a +0 buckler
 I - a cursed +0 chain mail (worn)
 M - a +0 cloak (worn)
 O - a cursed +0 pair of gloves (worn)
Jewellery
 t - an uncursed ring of resist corrosion {unknown}
 x - an uncursed ring of magical power {unknown}
 y - an uncursed ring of wizardry {unknown}
Wands
 u - a wand of clouds (5)
Scrolls
 j - 2 scrolls of noise
 l - 3 scrolls of immolation
 s - 9 scrolls of teleportation
 w - 2 scrolls of amnesia {unknown}
 z - 3 scrolls of enchant weapon {unknown}
 A - 3 scrolls of remove curse {unknown}
 D - a scroll of fog {unknown}
 E - a scroll of blinking {unknown}
 H - a scroll of enchant armour {unknown}
 L - 3 scrolls of fear {unknown}
 N - 3 scrolls of identify
Potions
 e - 5 potions of might
 h - a potion of haste
 i - 2 potions of magic {unknown}
 n - 4 potions of heal wounds {unknown}
 o - 4 potions of brilliance {unknown}
 p - 2 potions of agility {unknown}
 r - 4 potions of curing {unknown}
 v - 2 potions of invisibility {unknown}
 B - 2 potions of degeneration {unknown}
 F - a potion of lignification {unknown}
 J - 2 potions of berserk rage {unknown}
 K - a potion of mutation {unknown}
Comestibles
 f - 14 rations


   Skills:
 + Level 6.3 Fighting
 + Level 12.7 Polearms
 + Level 5.0 Throwing
 + Level 4.4 Armour
 + Level 5.6 Dodging
 - Level 1.3 Shields
 * Level 3.6 Invocations


You had 9 spell levels left.
You didn't know any spells.
Your spell library contained the following spells:

 Spells                   Type           Power        Failure   Level  Hunger
 Animate Skeleton         Necr           N/A          99%         1    ##.....
 Apportation              Tloc           #.....       99%         1    ##.....
 Confusing Touch          Hex            #.....       99%         1    ##.....
 Magic Dart               Conj           #...         99%         1    ##.....
 Summon Small Mammal      Summ           #...         99%         1    ##.....
 Blink                    Tloc           N/A          99%         2    ###....
 Call Imp                 Summ           #.......     99%         2    ###....
 Slow                     Hex            #.......     99%         2    ###....
 Conjure Flame            Conj/Fire      #.......     100%        3    ####...
 Mephitic Cloud           Conj/Pois/Air  #.......     100%        3    ####...


Dungeon Overview and Level Annotations

Branches:
Dungeon (9/15)             Temple (1/1) D:7
   Lair: D:8-11         Orc: D:9-12

Altars:
Ashenzari
Cheibriados
Dithmenos
Elyvilon
Fedhas
Gozag
Hepliaklqana
Kikubaaqudgha
Makhleb
Okawaru
Qazlal
Ru
Sif Muna
Trog
Uskayaw
Wu Jian
Xom
Yredelemnul
Zin
The Shining One

Annotations:
D:7 3 runed translucent doors, Reshi88's ghost, novice MiFi


Message History

Press: ? - help, Dir - move target cursor, f/p - ogre
Aim: an ogre, wielding a +0 giant club (almost dead, dazed)
You reach to attack!
You slash the ogre!
You kill the ogre!
You have reached level 10!
You feel agile. The wyvern bites you!
You slash the wyvern!
The wyvern is severely wounded.
The wyvern bites you!
* * * LOW HITPOINT WARNING * * *
The wyvern bites you!
* * * LOW HITPOINT WARNING * * *
Zin grants you divine stamina. The wyvern bites you.
* * * LOW HITPOINT WARNING * * *
You feel yourself speed up.
The wyvern bites you but does no damage.
The wyvern bites you.
You die...

#........###.........#
#........'.#.........#
#<.......#.#.........#
#........#.#.........#
+........#.'....<....#
#........###.........#
#........#
#......#######
#........#
#.....##≈≈≈≈≈≈
#........#
#####@#≈≈....≈
###....### #l#l..≈...
#.#### #)#≈....≈. ...
#.'.O≈..). ...
#.#≈...≈.. #.#≈≈....≈
####≈≈≈≈≈≈ ######


You could see a wyvern.

Vanquished Creatures
  A hippogriff (D:8)
  A spriggan (D:7)
  A shadow (D:8)
  2 ice beasts (D:8)
  An orc warrior (D:7)
  2 sky beasts
  4 ogres
  3 phantoms
  2 centaurs
  2 big kobolds
  2 bullfrogs
  4 scorpions
  A howler monkey (D:4)
  A crimson imp (D:3)
  A centaur zombie (D:7)
  A quasit (D:8)
  2 orc priests
  Crazy Yiuf (D:6)
  2 hounds
  A bullfrog skeleton (D:5)
  2 iguanas
  Ijyb (D:4)
  7 orc wizards
  9 worker ants
  Terence (D:2)
  Robin (D:4)
  10 adders
  4 gnolls (D:6)
  2 shadow imps
  An ooze (D:2)
  4 adder skeletons
  5 worms
  2 dart slugs
  3 leopard geckos
  16 orcs
  6 ball pythons
  10 bats
  6 giant cockroaches
  14 goblins
  11 hobgoblins
  9 jackals
  3 quokkas
  A ball python skeleton (D:4)
  11 frilled lizards
  24 kobolds
  A leopard gecko zombie (D:7)
  A quokka zombie (D:6)
  5 rats
  A plant (Sewer)
206 creatures vanquished.

Notes
Turn   | Place    | Note
-------+----------+-------------------------------------------
     0 | D:1      | FlyingSalmon the Merfolk Gladiator began the quest for the
                  | Orb.
     0 | D:1      | Reached XP level 1. HP: 16/16 MP: 1/1
   280 | D:1      | Reached XP level 2. HP: 23/23 MP: 2/2
   893 | D:2      | Reached skill level 5 in Polearms
   924 | D:2      | Reached XP level 3. HP: 24/28 MP: 3/3
   947 | D:2      | Noticed Terence
   961 | D:2      | Killed Terence
  1088 | D:2      | Reached XP level 4. HP: 34/34 MP: 4/4
  1124 | D:2      | Found an opulent altar of Gozag.
  1152 | D:2      | Reached skill level 6 in Polearms
  1403 | D:2      | Reached XP level 5. HP: 41/41 MP: 5/5
  1810 | D:3      | Found a faded altar of an unknown god.
  1853 | D:3      | Found a shattered altar of Ashenzari.
  1881 | D:3      | Reached skill level 1 in Armour
  1886 | D:3      | Reached skill level 7 in Polearms
  2634 | D:3      | Reached XP level 6. HP: 47/47 MP: 6/6
  2732 | D:3      | Reached skill level 5 in Dodging
  2916 | D:3      | Found a deep blue altar of Sif Muna.
  3032 | D:4      | Found a hide-covered altar of Uskayaw.
  3091 | D:4      | Reached skill level 8 in Polearms
  3097 | D:4      | Found a white marble altar of Elyvilon.
  3207 | D:4      | Became a worshipper of Elyvilon the Healer
  3300 | D:4      | Noticed Ijyb
  3301 | D:4      | Paralysed by Ijyb for 6 turns
  3312 | D:4      | Paralysed by Ijyb for 4 turns
  3321 | D:4      | Paralysed by Ijyb for 3 turns
  3325 | D:4      | Killed Ijyb
  3325 | D:4      | Reached XP level 7. HP: 47/53 MP: 7/7
  3749 | D:4      | Found a sacrificial altar of Ru.
  3821 | D:4      | Noticed Robin
  3833 | D:4      | Killed Robin
  4045 | D:5      | Entered Level 5 of the Dungeon
  4045 | D:5      | Found a glowing drain.
  4080 | Sewer    | Entered a sewer
  4081 | Sewer    | Reached * piety under Elyvilon
  4854 | D:5      | Reached skill level 9 in Polearms
  4903 | D:5      | Found a shimmering altar of Xom.
  5062 | D:5      | Found an ornate altar of the Wu Jian Council.
  5140 | D:5      | Found a hazy altar of Hepliaklqana.
  5327 | D:6      | Reached ** piety under Elyvilon
  5597 | D:6      | Reached XP level 8. HP: 51/60 MP: 8/8
  5929 | D:6      | Found a stormy altar of Qazlal.
  6071 | D:6      | Reached skill level 1 in Shields
  6270 | D:6      | Found a runed translucent door.
  6271 | D:6      | Noticed Crazy Yiuf
  6345 | D:6      | Found a shadowy altar of Dithmenos.
  6401 | D:6      | Killed Crazy Yiuf
  6401 | D:6      | Reached skill level 10 in Polearms
  6582 | D:7      | Found an opulent altar of Gozag.
  6584 | D:7      | Found a runed translucent gate.
  6584 | D:7      | Found a runed translucent gate.
  6584 | D:7      | Found a runed translucent gate.
  6584 | D:7      | Noticed Reshi88's ghost (novice MiFi)
  6584 | D:7      | Noticed a tarantella
  6590 | D:7      | Noticed a yak
  6590 | D:7      | a tarantella changed into a yak
  6803 | D:7      | Noticed a yaktaur
  6970 | D:7      | Reached skill level 11 in Polearms
  6982 | D:7      | Reached XP level 9. HP: 41/67 MP: 9/9
  7220 | D:7      | Reached skill level 5 in Fighting
  7702 | D:7      | Found a staircase to the Ecumenical Temple.
  7705 | D:7      | Reached *** piety under Elyvilon
  7710 | Temple   | Entered the Ecumenical Temple
  7957 | Temple   | Fell from the grace of Elyvilon
  7957 | Temple   | Became a worshipper of Zin the Law-Giver
  7957 | Temple   | Reached * piety under Zin
  7957 | Temple   | Reached ** piety under Zin
  8234 | D:8      | Reached skill level 1 in Invocations
  8333 | D:8      | Reached skill level 12 in Polearms
  8347 | D:8      | Found an iron altar of Okawaru.
  9101 | D:8      | Reached *** piety under Zin
  9276 | D:8      | Reached skill level 5 in Throwing
  9952 | D:9      | Reached XP level 10. HP: 38/77 MP: 12/12
  9955 | D:9      | Slain by a wyvern

Skill      XL: |  1  2  3  4  5  6  7  8  9 |
---------------+----------------------------+-----
Polearms       | 5 6 7 8 9 11 12 | 12.7
Fighting       | 3 4 6 |  6.3
Armour         | 1 2 3 4 |  4.4
Dodging        | 5 |  5.6
Throwing       | 3 4 5 |  5.0
Shields        | 1 |  1.3
Invocations    | 3 |  3.6

Action                   |  1- 3 |  4- 6 |  7- 9 | 10-12 || total
-------------------------+-------+-------+-------+-------++-------
Melee: Trident           |    93 |   241 |   154 |       ||   488
       Spear             |       |       |   220 |       ||   220
       Glaive            |       |       |   156 |     1 ||   157
Throw: Stone             |     5 |    60 |   130 |       ||   195
       Throwing net      |     3 |       |       |       ||     3
Invok: Recite            |       |       |     7 |       ||     7
       Vitalisation      |       |       |       |     1 ||     1
  Use: Scroll            |     3 |       |     2 |       ||     5
       Potion            |       |       |     1 |     1 ||     2
 Stab: Sleeping          |     1 |       |       |       ||     1
       Held in net/web   |     1 |       |       |       ||     1
       Distracted        |       |       |     1 |       ||     1
  Eat: Chunk             |     1 |     7 |    11 |       ||    19
       Ration            |       |       |     3 |       ||     3
Armor: Leather armour    |     1 |       |       |       ||     1
       Scale mail        |    14 |    60 |    36 |       ||   110
       Ring mail         |     4 |       |       |       ||     4
       Chain mail        |       |       |   102 |     1 ||   103
Dodge: Dodged            |    54 |    82 |   128 |       ||   264
Block: Buckler           |       |       |    29 |       ||    29
